 Dungeon Crawl Stone Soup version 0.30.1-9-gdf580d7c3d (webtiles) character file.

Game seed: 810141077915970195

3580 Peloso the Carver (level 9, -16/81 HPs)
             Began as a Minotaur Fighter on Sept 30, 2023.
             Was a Priest of Okawaru.
             Killed from afar by an acid dragon (28 damage)
             ... with a splash of acid
             ... on level 7 of the Dungeon.
             The game lasted 00:13:18 (6384 turns).

Peloso the Carver (Minotaur Fighter)                Turns: 6384, Time: 00:13:19

Health: -16/81     AC:  8    Str: 23    XL:     9   Next: 84%
Magic:  8/8        EV: 14    Int:  5    God:    Okawaru [***...]
Gold:   243        SH:  5    Dex: 12    Spells: 8/8 levels left

rFire   . . .        a - +0 long sword
rCold   + . .        d - +0 buckler
rNeg    . . .        y - +0 chain mail
rPois   .            (helmet restricted)
rElec   .            (no cloak)
rCorr   .            (no gloves)
SInv    .            v - +0 pair of boots
Will    .....        (no amulet) Stlth
                     c - ring of protection from cold
HPRegen 0.33/turn    r - +5 ring of evasion
MPRegen 0.11/turn

%: no passive effects
@: corroded
A: horns 2, retaliatory headbutt
a: Renounce Religion, Heroism


You were on level 7 of the Dungeon.
You worshipped Okawaru.
Okawaru was most pleased with you.
You visited 1 branch of the dungeon, and saw 7 of its levels.

You collected 433 gold pieces.
You spent 190 gold pieces at shops.

Inventory:

Hand Weapons
 a - a +0 long sword (weapon)
Armour
 b - a +0 scale mail
 d - a +0 buckler (worn)
 v - a +0 pair of boots (worn)
 y - a +0 chain mail (worn)
Jewellery
 c - a ring of protection from cold (left hand)
 j - an amulet of faith
 k - a ring of magical power
 r - a +5 ring of evasion (right hand)
 s - an amulet of the acrobat
 C - an amulet of guardian spirit
Wands
 q - a wand of polymorph (8)
 B - a wand of mindburst (11)
Scrolls
 e - a scroll of enchant armour {unknown}
 f - a scroll of blinking {unknown}
 g - 2 scrolls of amnesia
 h - 3 scrolls of noise
 l - 3 scrolls of immolation {unknown}
 m - a scroll of vulnerability {unknown}
 n - 2 scrolls of teleportation {unknown}
 u - 2 scrolls of magic mapping {unknown}
 x - a scroll of poison {unknown}
 A - a scroll of identify
Potions
 i - 5 potions of mutation
 o - a potion of brilliance
 p - 3 potions of attraction {unknown}
 t - a potion of might
 w - 2 potions of flight {unknown}
 z - a potion of heal wounds
 D - 3 potions of curing
 E - a potion of lignification {unknown}


   Skills:
 + Level 7.8 Fighting
 + Level 11.0 Long Blades
 + Level 9.3 Armour
 + Level 3.4 Dodging
 + Level 0.5 Stealth
 + Level 6.6 Shields
 + Level 0.5 Invocations


You had 8 spell levels left.
You didn't know any spells.
Your spell library contained the following spells:

 Spells                   Type           Power      Damage    Failure   Level
 Apportation              Tloc           0%         N/A       96%         1
 Freeze                   Ice            0%         1d3       96%         1
 Necrotise                Necr           0%         1d4       96%         1
 Sublimation of Blood     Necr           0%         N/A       99%         2
 Frozen Ramparts          Ice            0%         1d1       100%        3
 Hailstorm                Conj/Ice       0%         3d3       100%        3
 Petrify                  Tmut/Erth      0%         N/A       100%        4
 Irradiate                Conj/Tmut      0%         3d11      100%        5
 Summon Small Mammal      Summ           Unusable   N/A       N/A         1

Dungeon Overview and Level Annotations

Branches:
Dungeon (7/15)             Temple (0/1) D:4

Altars:
Elyvilon
Nemelex Xobeh
Okawaru
Trog
Zin

Shops:
D:1 (   D:2 *

Annotations:
D:3 1 runed translucent door, Flure's ghost, amateur MeTm


Innate Abilities, Weirdness & Mutations

You have a pair of horns on your head.
You reflexively headbutt those who attack you in melee.


Message History

An acid dragon comes into view.
The acid dragon roars!
The acid dragon spits acid at you. The splash of acid hits you!
The acid corrodes you!
You hear an angry buzzing noise.
An acid dragon is nearby!
There is an open door here.
The acid dragon bites you! The acid dragon misses you.
You slash the acid dragon!
The acid dragon is moderately wounded.
The acid dragon spits acid at you. You block the splash of acid.
You hear an angry buzzing noise.
You hit the acid dragon but do no damage.
Your headbutt misses the acid dragon.
The acid dragon is moderately wounded.
You hear an angry buzzing noise.
The acid dragon misses you. x2
You hear an angry buzzing noise. x2
You hit the acid dragon. Your headbutt misses the acid dragon.
The acid dragon is moderately wounded.
The acid dragon spits acid at you. The splash of acid hits you!!
You hear an angry buzzing noise.
You hit the acid dragon but do no damage.
The acid dragon is moderately wounded.
You hear an angry buzzing noise.
The acid dragon bites you!
* * * LOW HITPOINT WARNING * * *
The acid dragon barely misses you.
You hit the acid dragon. Your headbutt misses the acid dragon.
The acid dragon is moderately wounded.
The acid dragon bites you!
* * * LOW HITPOINT WARNING * * *
The acid dragon claws you but does no damage.
You barely miss the acid dragon. Your headbutt misses the acid dragon.
The acid dragon is moderately wounded.
The acid dragon spits acid at you. The splash of acid hits you!!
You die...

#.########## #.........#
########.#........###.........##
##.................+.'.........>.
#..#####..#........###...)....##.
#.##..?##...........)).........#
..#$.∩55#..........###...........
..##$?5##.######'### #......<....
...#####..# #.# #######'#...
.#....)..## #@# ..#... ##########
#D# .#... # #.# .# . # #.# # #.#
# #+# # # #


You could see an acid dragon (catching breath).

Vanquished Creatures
  Joseph (D:7)
  Sigmund (D:2)
  Edmund (D:5)
  Duvessa (D:7)
  A water moccasin (D:4)
  A black bear (D:7)
  An ice beast (D:7)
  An orc warrior (D:6)
  4 ogres
  A phantom (D:4)
  A kobold brigand (D:6)
  2 bullfrogs (D:7)
  7 scorpions
  Dowan (D:7)
  12 killer bees (D:7)
  A crimson imp (D:5)
  4 hounds
  Crazy Yiuf (D:5)
  A jelly (D:7)
  7 iguanas
  Terence (D:3)
  Jessica (D:2)
  4 sleepcaps (D:5)
  2 orc wizards (D:7)
  Natasha (thrice) (D:2)
  8 gnolls
  7 adders
  A white imp (D:5)
  An ufetubus (D:6)
  2 worms (D:3)
  5 dart slugs
  14 orcs
  3 endoplasms
  4 giant cockroaches
  8 goblins
  2 hobgoblins
  7 jackals
  7 kobolds
  5 quokkas
  6 ball pythons
  7 bats
  2 frilled lizards
  4 rats
154 creatures vanquished.

Notes
Turn   | Place    | Note
-------+----------+-------------------------------------------
     0 | D:1      | Peloso the Minotaur Fighter began the quest for the Orb.
     0 | D:1      | Reached XP level 1. HP: 19/19 MP: 0/0
    64 | D:1      | Found Peagamaxt's Antique Weapon Emporium.
   312 | D:1      | Reached XP level 2. HP: 26/27 MP: 1/1
   618 | D:1      | Reached skill level 3 in Long Blades
   618 | D:1      | Reached XP level 3. HP: 23/33 MP: 2/2
   911 | D:2      | Noticed Sigmund
   911 | D:2      | Noticed Natasha
   916 | D:2      | Killed Sigmund
   917 | D:2      | Reached skill level 4 in Long Blades
   917 | D:2      | Reached skill level 5 in Armour
   917 | D:2      | Reached XP level 4. HP: 11/41 MP: 3/3
   917 | D:2      | Reached XP level 5. HP: 13/47 MP: 4/4
   917 | D:2      | Killed Natasha
  1030 | D:2      | Found a faded altar of an unknown god.
  1065 | D:2      | Noticed Jessica
  1074 | D:2      | Killed Jessica
  1075 | D:2      | Reached skill level 5 in Long Blades
  1299 | D:2      | Noticed Natasha
  1303 | D:2      | Killed Natasha
  1304 | D:2      | Reached XP level 6. HP: 53/53 MP: 5/5
  1358 | D:2      | Noticed Natasha
  1366 | D:2      | Killed Natasha
  1429 | D:2      | Found Rico's Assorted Antiques.
  1752 | D:3      | Found a runed translucent door.
  1756 | D:3      | Noticed Flure's ghost (amateur MeTm)
  1811 | D:3      | Identified the +1 ring mail of Atraiwis {rC+}
  1888 | D:3      | Noticed Terence
  1896 | D:3      | Killed Terence
  1958 | D:3      | Found a glowing silver altar of Zin.
  2431 | D:4      | Reached skill level 6 in Long Blades
  2455 | D:4      | Found an iron altar of Okawaru.
  2468 | D:4      | Became a worshipper of Warmaster Okawaru
  2485 | D:4      | Reached skill level 5 in Fighting
  2683 | D:4      | Reached skill level 1 in Dodging
  2683 | D:4      | Reached XP level 7. HP: 52/61 MP: 6/6
  2695 | D:4      | Found a staircase to the Ecumenical Temple.
  2773 | D:4      | HP: 2/61 [water moccasin (5)]
  3215 | D:4      | Reached * piety under Okawaru
  3451 | D:2      | Bought a pair of crude boots for 190 gold pieces
  3451 | D:2      | Identified the +0 pair of boots of the Ubiquitous God
                  | {-Tele rPois rC- MP+9} (You bought it in a shop on level 2
                  | of the Dungeon)
  3507 | D:5      | Entered Level 5 of the Dungeon
  3684 | D:5      | Noticed Edmund
  3702 | D:5      | Killed Edmund
  3703 | D:5      | Reached skill level 7 in Long Blades
  3703 | D:5      | Reached XP level 8. HP: 61/70 MP: 7/7
  4036 | D:5      | Found a sparkling altar of Nemelex Xobeh.
  4192 | D:5      | Reached skill level 5 in Shields
  4209 | D:5      | Found a white marble altar of Elyvilon.
  4311 | D:5      | Reached ** piety under Okawaru
  4333 | D:5      | Found a runed translucent door.
  4334 | D:5      | Noticed Crazy Yiuf
  4439 | D:5      | Reached skill level 8 in Long Blades
  4626 | D:5      | Killed Crazy Yiuf
  5089 | D:6      | Found a bloodstained altar of Trog.
  5098 | D:6      | Reached skill level 9 in Long Blades
  5141 | D:6      | Reached XP level 9. HP: 73/78 MP: 8/8
  5454 | D:7      | Noticed Duvessa
  5461 | D:7      | Noticed Dowan
  5478 | D:7      | Killed Duvessa
  5500 | D:7      | Killed Dowan
  5610 | D:7      | Noticed Joseph
  5639 | D:7      | Killed Joseph
  5640 | D:7      | Reached skill level 10 in Long Blades
  5900 | D:7      | Reached *** piety under Okawaru
  6278 | D:7      | Reached skill level 11 in Long Blades
  6384 | D:7      | Killed from afar by an acid dragon

Illustrated notes

Levels and vault maps discovered:
D:1:      eino_arrival_cavern_c, layout_loops_cross, serial_shops, shop,
          nicolae_grassy_gnolls
D:2:      layout_loops_corners, serial_shops, shop,
          ebering_ecumenical_altar_sacrificial, uniq_sigmund, uniq_natasha,
          uniq_jessica
D:3:      layout_rooms, old_standard_altar, ebering_ghost_reflecting_pool,
          uniq_terence
D:4:      minmay_skewed_foursquare, layout_loops_ring, okawaru_metal_pillars_3,
          minmay_temple_entry_trees, minmay_misc_feat_columns
D:5:      layout_basic, mainiacjoe_overflow_alcove_2, kennysheep_mini_moat,
          minmay_fire_ice_demons, uniq_crazy_yiuf_cottage, uniq_edmund
D:6:      layout_basic, trog_butcher_becter
D:7:      cheibrodos_quashed, layout_basic, mainiacjoe_overflow_chevrons,
          uniq_joseph, uniq_duvessa

Skill      XL: |  1  2  3  4  5  6  7  8  9 |
---------------+----------------------------+-----
Armour         | 4 5 6 7 8 9 |  9.3
Fighting       | 4 5 6 7 |  7.8
Long Blades    | 3 4 5 6 7 9 11 | 11.0
Shields        | 4 5 6 |  6.6
Dodging        | 1 2 3 |  3.4
Stealth        | |  0.5
Invocations    | |  0.5

Action                     |  1- 3 |  4- 6 |  7- 9 || total
---------------------------+-------+-------+-------++-------
  Melee: Long sword        |    47 |   118 |   367 ||   532
         Headbutt          |     8 |    19 |    63 ||    90
 Invoke: Heroism           |       |       |     4 ||     4
    Use: Scroll            |     3 |     2 |       ||     5
         Potion            |     2 |     1 |     2 ||     5
 Armour: Scale mail        |    22 |    47 |    25 ||    94
         Chain mail        |       |       |    72 ||    72
  Dodge: Dodged            |    24 |    40 |   202 ||   266
  Block: Buckler           |     3 |    17 |    85 ||   105
